 Dungeon Crawl Stone Soup version 0.27.1-34-g3ba077fa99 (webtiles) character file.

Game seed: 13806414083981863426

84 Descartes the Grasshopper (level 4, -2/23 HPs)
             Began as a Spriggan Warper on Jan 12, 2022.
             Was an Initiate of Gozag.
             Killed from afar by an orc wizard (22 damage)
             ... with an iceblast
             ... on level 3 of the Dungeon.
             The game lasted 00:04:14 (3071 turns).

Descartes the Grasshopper (Spriggan Warper)         Turns: 3071, Time: 00:04:15

Health: -2/23      AC:  2    Str:  8    XL:     4   Next: 24%
Magic:  9/9        EV: 19    Int: 14    God:    Gozag
Gold:   268        SH:  0    Dex: 20    Spells: 7/9 levels left

rFire    . . .     SeeInvis +   i - +2 dagger (venom)
rCold    . . .     Faith    .   (shield restricted)
rNeg     . . .     Spirit   .   b - +0 robe
rPois    +         Reflect  .   (helmet restricted)
rElec    .         Harm     .   (no cloak)
rCorr    .         Rampage  .   (gloves unavailable)
Will     .....                  (boots unavailable)
Stlth    +++.......             (no amulet)
HPRegen  0.07/turn              e - ring of poison resistance
MPRegen  0.11/turn              o - +6 ring of dexterity

@: very quick
A: very small, no large weapons, unfitting armour, see invisible, speed 3
a: Renounce Religion, Potion Petition, Call Merchant, Bribe Branch


You were on level 3 of the Dungeon.
You worshipped Gozag.
Gozag was aware of your devotion.
You visited 1 branch of the dungeon, and saw 3 of its levels.

You collected 268 gold pieces.

Inventory:

Hand Weapons
 h - a +1 vampiric dagger
 i - a +2 dagger of venom (weapon)
Missiles
 d - 5 boomerangs of dispersal (quivered)
 f - 108 stones
 j - 8 poisoned darts
 l - 16 arrows
Armour
 b - a +0 robe (worn)
Jewellery
 e - a ring of poison resistance (left hand)
 o - a +6 ring of dexterity (right hand)
Wands
 r - a wand of paralysis (7)
Scrolls
 c - a scroll of blinking
 k - a scroll of amnesia {unknown}
 n - a scroll of holy word {unknown}
 p - a scroll of magic mapping {unknown}
Potions
 a - a potion of flight {unknown}
 g - a potion of haste {unknown}
 m - a potion of mutation {unknown}
 q - a potion of brilliance {unknown}


   Skills:
 - Level 2.0 Fighting
 + Level 3.0 Short Blades
 - Level 1.0 Throwing
 + Level 3.9 Dodging
 + Level 2.7 Stealth
 - Level 3.0 Spellcasting
 + Level 5.2 Translocations


You had 7 spell levels left.
You knew the following spells:

 Your Spells              Type           Power      Damage    Failure   Level
a - Blink                 Tloc           N/A        N/A       3%          2

Your spell library contained the following spells:

 Spells                   Type           Power      Damage    Failure   Level
 Gell's Gravitas          Tloc           8%         N/A       8%          3
 Lesser Beckoning         Tloc           8%         N/A       8%          3
 Teleport Other           Tloc           16%        N/A       8%          3
 Slow                     Hex            2%         N/A       32%         2
 Confusing Touch          Hex            2%         N/A       54%         3
 Manifold Assault         Tloc           16%        N/A       56%         5
 Yara's Violent Unravell  Hex/Tmut       1%         3d3       99%         5


Dungeon Overview and Level Annotations

Branches:
Dungeon (3/15)

Altars:
Gozag

Shops:
D:1 *


Innate Abilities, Weirdness & Mutations

You are very small and have problems with some larger weapons.
You are too small for most types of armour.
You have supernaturally acute eyesight. (SInv)
You cover ground extremely quickly. (Speed+++)


Message History

Ijyb is heavily wounded.
Ijyb hits you with a +0 dagger.
You hit Ijyb but do no damage.
Ijyb looks as sick as possible!
Ijyb is severely wounded.
Ijyb barely misses you.
You hit Ijyb but do no damage.
Ijyb is severely wounded.
Ijyb misses you.
You barely miss Ijyb.
Ijyb is severely wounded.
Ijyb hits you with a +0 dagger.
You closely miss Ijyb.
Ijyb is severely wounded.
Ijyb zaps a wand.
You resist with some effort.
You barely miss Ijyb.
Ijyb is almost dead.
You closely miss Ijyb.
Ijyb is almost dead.
Ijyb zaps a wand.
You resist with some effort.
You hit Ijyb but do no damage.
Ijyb looks as sick as possible!
Ijyb is almost dead.
You kill Ijyb!
Your Short Blades skill increases to level 3!
You have reached level 4!
You now have 268 gold pieces (gained 4).
r - a wand of paralysis (7)
Things that are here:
a +0 dagger; a +0 scale mail An orc comes into view.
It is wielding a +0 short sword.
An orc wizard comes into view.
It is wielding a +0 dagger of speed and carrying a wand of iceblast (10).
An orc priest comes into view. It is wielding a +0 flail.
The orc shouts!
The orc wizard shouts!
The orc priest shouts!
You hear a shout!
The orc priest looks encouraged for a moment.
An orc comes into view. It is wielding a +0 hand axe.
The orc throws a stone.
The stone barely misses you.
The orc wizard zaps a wand.
The mass of ice explodes!
The iceblast engulfs you!!
Ouch! That really hurt!
You die...
Your body crumbles into a pile of gold.

.##...# .##...#
.##...#####. #
<........... .#
####.######. ..# #.#
..# #.##########
..#..
#.......)..####o..o..
##########...@...o..#
#####....... ..o....
#######


You could see an orc priest, an orc wizard and 2 orcs.

Vanquished Creatures
  Ijyb (D:3)
  An adder (D:2)
  A dart slug (D:2)
  8 ball pythons
  6 endoplasms
  3 giant cockroaches
  3 hobgoblins
  4 kobolds
  2 quokkas
  3 bats
  3 frilled lizards
  3 goblins
  7 rats
45 creatures vanquished.

Notes
Turn   | Place    | Note
-------+----------+-------------------------------------------
     0 | D:1      | Descartes the Spriggan Warper began the quest for the Orb.
     0 | D:1      | Reached XP level 1. HP: 10/10 MP: 5/5
   650 | D:1      | Reached XP level 2. HP: 14/15 MP: 7/7
   653 | D:1      | Found Tunych's General Store.
  1030 | D:1      | Reached skill level 1 in Stealth
  1580 | D:1      | Found a faded altar of an unknown god.
  1589 | D:1      | Became a worshipper of Gozag Ym Sagoz the Greedy
  1745 | D:2      | Learned a level 2 spell: Blink
  1894 | D:2      | Reached XP level 3. HP: 17/18 MP: 8/8
  2459 | D:2      | Reached skill level 5 in Translocations
  2738 | D:3      | Noticed a sky beast
  2967 | D:3      | Noticed Ijyb
  2982 | D:3      | Killed Ijyb
  2983 | D:3      | Reached XP level 4. HP: 14/23 MP: 9/9
  3071 | D:3      | Killed from afar by an orc wizard

Illustrated notes

Levels and vault maps discovered:
D:1:      dpeg_arrival_leaves_temple_mockup, layout_basic, serial_shops,
          nicolae_shop_waterfront, hellmonk_ecumenical_altar_heavens_door,
          minmay_pentomino_z2
D:2:      layout_loops_ring, hex_medium, kennysheep_path_1
D:3:      wad_pebble_path, layout_loops_ring,
          mainiacjoe_overflow_six_doors_small, minmay_splitting_lines,
          uniq_crazy_yiuf_cottage, uniq_ijyb

Skill      XL: |  1  2  3 |
---------------+----------+-----
Spellcasting   | 3 |  3.0
Stealth        | 1 2 |  2.7
Fighting       | 2 |  2.0
Translocations | 5 |  5.2
Short Blades   | 3 |  3.0
Throwing       | |  1.0
Dodging        | |  3.9

Action                   |  1- 3 |  4- 6 || total
-------------------------+-------+-------++-------
Melee: Short sword       |    28 |       ||    28
       Dagger            |    87 |       ||    87
 Stab: Sleeping          |     7 |       ||     7
Armor: Robe              |     7 |       ||     7
Dodge: Dodged            |    68 |     1 ||    69
